 Dungeon Crawl Stone Soup version 0.30.0-10-gfe55d96785 (webtiles) character file.

Game seed: 9338606606138076736

20608 qw the Cleaver (level 12, -2/77 HPs)
             Began as a Gargoyle Fighter on May 14, 2023.
             Was a Priest of Okawaru.
             Slain by Rupert
             ... wielding a +4 great mace of protection
              (26 damage)
             ... on level 3 of the Lair of Beasts.
             The game lasted 00:07:19 (12773 turns).

qw the Cleaver (Gargoyle Fighter)                  Turns: 12773, Time: 00:07:20

Health: -2/77      AC: 37    Str: 28    XL:     12   Next: 81%
Magic:  15/15      EV: 11    Int:  9    God:    Okawaru [***...]
Gold:   862        SH: 16    Dex: 15    Spells: 11/11 levels left

rFire   + . .        Y - +1 war axe
rCold   . . .        v - +2 kite shield
rNeg    + . .        i - +0 plate armour
rPois   inf          o - +1 helmet
rElec   +            w - +1 cloak
rCorr   .            x - +0 pair of gloves
SInv    .            m - +0 pair of boots
Will    .....        (no amulet) Stlth
                     k - +6 ring of dexterity
HPRegen 0.32/turn    j - ring of the Several Ziggurats {Contam rF+ AC+4 Str+3 Slay+3}
MPRegen 0.14/turn

%: no passive effects
@: heroic
A: sickness immunity, AC +8, negative energy resistance 1, electricity
resistance, torment resistance 1, petrification resistance
a: Renounce Religion, Heroism


You were on level 3 of the Lair of Beasts.
You worshipped Okawaru.
Okawaru was most pleased with you.
You visited 3 branches of the dungeon, and saw 13 of its levels.

You collected 862 gold pieces.


Innate Abilities, Weirdness & Mutations

You are immune to sickness and miasma.
Your stone body is resilient. (AC +8)
You are immune to poison.
You resist negative energy. (rN+)
You are resistant to electric shocks. (rElec)
You are resistant to unholy torment.
You are immune to petrification.


   Skills:
 - Level 10.0(15.0) Fighting
 + Level 12.6(17.6) Axes
 - Level 9.0(14.0) Armour
 - Level 3.5(8.5) Dodging
 - Level 10.9(15.9) Shields
 - Level 4.1 Invocations


You had 11 spell levels left.
You didn't know any spells.
Your spell library was empty.

Inventory:

Hand Weapons
 r - a +0 morningstar
 Y - a +1 war axe (weapon)
Armour
 b - the +6 leather armour of Hopscotch {+Blink rF+ SInv}
   (You found it on level 4 of the Dungeon)

   rF:        It protects you from fire.
   SInv:      It lets you see invisible.
   +Blink:    It lets you blink.
 i - a +0 plate armour (worn)
 m - a +0 pair of boots (worn)
 o - a +1 helmet (worn)
 v - a +2 kite shield (worn)
 w - a +1 cloak (worn)
 x - a +0 pair of gloves (worn)
Jewellery
 j - the ring of the Several Ziggurats (right hand) {Contam rF+ AC+4 Str+3 Slay+3}
   (You found it on level 9 of the Dungeon)

   [ring of protection]

   AC:        It affects your AC (+4).
   Str:       It affects your strength (+3).
   Slay:      It affects your accuracy & damage with ranged weapons and melee
   (+3).
   rF:        It protects you from fire.
   Contam:    It causes magical contamination when unequipped.
 k - a +6 ring of dexterity (left hand)
 t - the ring of Xaij {Int+6 Slay+3}
   (You found it on level 3 of the Lair of Beasts)

   [ring of intelligence]

   Int:       It affects your intelligence (+6).
   Slay:      It affects your accuracy & damage with ranged weapons and melee
   (+3).
Scrolls
 a - 4 scrolls of teleportation
 h - a scroll of poison {unknown}
 l - 5 scrolls of identify
Potions
 c - a potion of heal wounds
 d - 4 potions of might
 e - 3 potions of lignification
 f - 3 potions of mutation
 g - a potion of resistance
 n - a potion of attraction
 p - 5 potions of curing
 q - a potion of invisibility
 s - a potion of haste
 u - a potion of magic {unknown}

Dungeon Overview and Level Annotations

Branches:
Dungeon (9/15)             Temple (1/1) D:4            Lair (3/5) D:9
  Swamp (0/4) Lair:2
  Snake: Lair:2-3    Spider: Lair:2-3       Orc: D:9-12

Altars:
Ashenzari
Cheibriados
Dithmenos
Elyvilon
Fedhas
Gozag
Hepliaklqana
Kikubaaqudgha
Makhleb
Nemelex Xobeh
Okawaru
Qazlal
Ru
Sif Muna
Trog
Uskayaw
Vehumet
Wu Jian
Xom
Yredelemnul
Zin
The Shining One
Lugonu

Portals:
Abyss: D:9

Annotations:
Lair:3 Rupert


Message History

You feel like a meek peon again.
Rupert the Wild comes into view.
He is wielding a +4 great mace of protection and wearing a +2 leather armour of positive energy.
12749 ||| INVOKING Heroism.
You gain the combat prowess of a mighty hero.
Rupert drinks a potion.
Rupert flickers and vanishes!
Deactivating autopickup; reactivate with Ctrl-A.
You swing at nothing.
You swing at nothing.
You are confused.
You bump into the rock wall.
You feel less confused.
You barely miss something. You barely miss something.
Something completely misses you.
You hit something but do no damage. You block something's attack.
You barely miss something. You block something's attack.
You barely miss something. You hit something but do no damage.
You are confused.
You completely miss something. Something hits you!
You're too confused to move!
Something barely misses you. Something hits you but does no damage.
Something tries to affect you, but you resist.
Something hits you!!
You closely miss something. Something completely misses you.
You slice something!!
You're too confused to move!
You feel less confused. Something hits you but does no damage.
You barely miss something. You slice something!! Something hits you!
You miss something. Something hits you! Something hits you!!
You die...

.......# ##..........#.
#.......# ##...........
#.......# #.........P#
#........ #.....#.....
#.......## ##...........
.........# #....[.#.....
.........####.....#.####
........{.##.........###
#......@..####..........
#....................#..
.....................#._
.....................#..
...#.......#......#.#..P
##.#.#..##.#.....##.##.#
##....~~~~......P##.#P.#
#..P..~ยค~~.....P.P#.....
#....#~~~#.....%.......P


There were no monsters in sight!

Vanquished Creatures
  2 ghost crabs (Lair:2)
  A hydra (Lair:1)
  A boulder beetle (Lair:1)
  A two-headed ogre (D:9)
  Pikel (D:5)
  An oklob plant (Lair:3)
  8 elephants (Lair:1)
  A torpor snail (Lair:1)
  A black mamba (Lair:2)
  5 cane toads
  2 rime drakes
  5 komodo dragons
  2 trolls (D:9)
  A polar bear (Lair:1)
  Prince Ribbit (D:7)
  A spectral dream sheep (Lair:2)
  2 dream sheep (Lair:1)
  5 blink frogs
  Sigmund (D:3)
  A shadow (D:9)
  9 yaks
  A steam dragon (D:8)
  A spectral cane toad (Lair:2)
  6 water moccasins
  3 orc warriors
  2 black bears
  A spectral rime drake (Lair:2)
  8 centaurs
  3 ogres
  7 wolves
  A spectral basilisk (Lair:2)
  A phantom (D:7)
  A lemure (D:5)
  2 kobold brigands
  7 gnoll sergeants
  4 bullfrogs
  A spectral water moccasin (Lair:2)
  4 scorpions
  8 wights (D:8)
  3 killer bees (D:8)
  6 electric eels
  5 howler monkeys
  8 hounds
  6 gnoll boudas
  4 orc priests
  3 jellies
  Jessica (D:3)
  4 iguanas
  A sleepcap (D:5)
  2 orc wizards
  9 adders
  38 gnolls
  A shadow imp (D:8)
  An ufetubus (D:7)
  A worm (D:4)
  21 orcs
  4 ball pythons
  3 bats
  8 endoplasms
  5 giant cockroaches
  26 goblins
  10 hobgoblins
  5 jackals
  14 kobolds
  3 quokkas
  A frilled lizard (D:3)
  2 rats
  A spectral goblin (D:5)
  A lurking horror (D:9)
310 creatures vanquished.

Notes
Turn   | Place    | Note
-------+----------+-------------------------------------------
     0 | D:1      | qw the Gargoyle Fighter began the quest for the Orb.
     0 | D:1      | Reached XP level 1. HP: 14/14 MP: 1/1
     0 | D:1      | 0 ||| qw: Version: 0.2-a-92-g8a84c4b
     0 | D:1      | 0 ||| qw: Game counter: 19
     0 | D:1      | 0 ||| qw: Always use a shield: true
     0 | D:1      | 0 ||| qw: God list: Okawaru
     0 | D:1      | 0 ||| qw: Allow faded altars: false
     0 | D:1      | 0 ||| qw: Do Orc after D:15 true
     0 | D:1      | 0 ||| qw: Do second Lair branch before Depths: true
     0 | D:1      | 0 ||| qw: Lair rune preference: random
     0 | D:1      | 0 ||| qw: Plans: Normal, Zot:1-4, God:TSO, Crypt, Tomb,
                  | Pan, Slime:5, Hells, Abyss, Win
     0 | D:1      | 0 ||| PLANNING D:1-11
    40 | D:1      | Reached skill level 2 in Axes
   137 | D:1      | You fall into a shaft and drop 1 floor!
   149 | D:2      | Reached XP level 2. HP: 12/19 MP: 2/2
   243 | D:2      | 243 ||| READING scroll labelled IGAT VYMEUS.
   371 | D:1      | 371 ||| Stepping ~*~*~tactically~*~*~ (stealth).
   952 | D:1      | 952 ||| UPGRADING to +0 helmet.
   957 | D:1      | 957 ||| READING 3 scrolls labelled SAMUL PAKEE.
   961 | D:1      | 961 ||| READING scroll labelled CACROL ADDA.
   962 | D:1      | 962 ||| READING scroll labelled OGAASCHI PETTU.
   963 | D:1      | 963 ||| READING scroll labelled VEISO SICVOZXU.
  1006 | D:2      | Reached skill level 3 in Axes
  1082 | D:2      | Found a shadowy altar of Dithmenos.
  1089 | D:2      | Reached XP level 3. HP: 23/23 MP: 3/3
  1181 | D:2      | 1181 ||| Stepping ~*~*~tactically~*~*~ (hiding).
  1183 | D:2      | 1183 ||| Stepping ~*~*~tactically~*~*~ (hiding).
  1192 | D:2      | Identified the +2 robe of Feasting {rF- rC+ rN+ Dex+10}
  1214 | D:2      | 1214 ||| Stepping ~*~*~tactically~*~*~ (stealth).
  1546 | D:2      | 1546 ||| READING scroll labelled HALESE BOFIU.
  1547 | D:2      | 1547 ||| READING scroll labelled HERUOJ YRAUT.
  1623 | D:3      | Noticed a scorpion
  1629 | D:3      | Killed a scorpion
  1630 | D:3      | Reached skill level 4 in Axes
  1630 | D:3      | Reached XP level 4. HP: 20/28 MP: 4/4
  1670 | D:3      | Noticed Sigmund
  1678 | D:3      | Reached XP level 5. HP: 18/32 MP: 5/5
  1688 | D:3      | 1688 ||| DROPPING +0 club.
  1701 | D:3      | Killed Sigmund
  1702 | D:3      | Reached skill level 5 in Axes
  1702 | D:3      | Reached XP level 6. HP: 20/37 MP: 6/6
  1869 | D:3      | 1869 ||| Stepping ~*~*~tactically~*~*~ (stealth).
  2026 | D:3      | 2026 ||| DROPPING +0 club.
  2088 | D:3      | Noticed Jessica
  2093 | D:3      | Killed Jessica
  2284 | D:3      | 2284 ||| UPGRADING to +0 pair of boots.
  2289 | D:3      | 2289 ||| READING 3 scrolls labelled CUFURI ARUI.
  2290 | D:3      | 2290 ||| READING scroll labelled VORRAS VEYN.
  2291 | D:3      | 2291 ||| READING 3 scrolls of identify.
  2291 | D:3      | 2291 ||| IDENTIFYING cyan potion
  2292 | D:3      | 2292 ||| READING 2 scrolls of identify.
  2292 | D:3      | 2292 ||| IDENTIFYING gluggy clear potion
  2293 | D:3      | 2293 ||| DROPPING potion of degeneration.
  2294 | D:3      | 2294 ||| DROPPING 2 scrolls of immolation.
  2377 | D:4      | Found a glowing silver altar of Zin.
  2377 | D:4      | Found a hide-covered altar of Uskayaw.
  2399 | D:4      | Found a shimmering blue altar of Sif Muna.
  2400 | D:4      | Found a snail-covered altar of Cheibriados.
  2527 | D:4      | 2527 ||| Stepping ~*~*~tactically~*~*~ (stealth).
  2544 | D:4      | 2544 ||| DROPPING +0 whip.
  2666 | D:4      | Reached skill level 1 in Dodging
  2801 | D:4      | 2801 ||| Stepping ~*~*~tactically~*~*~ (stealth).
  2803 | D:4      | 2803 ||| Stepping ~*~*~tactically~*~*~ (stealth).
  2824 | D:4      | 2824 ||| Stepping ~*~*~tactically~*~*~ (stealth).
  2913 | D:4      | 2913 ||| STAIRDANCE
  2921 | D:3      | Reached skill level 6 in Axes
  2989 | D:3      | 2989 ||| UPGRADING to +3 chain mail.
  2999 | D:3      | 2999 ||| DROPPING +0 scale mail.
  3000 | D:3      | 3000 ||| DROPPING +2 robe of Feasting {rF- rC+ rN+ Dex+10}.
  3001 | D:3      | 3001 ||| READING scroll labelled LOMYUFERUOZ.
  3032 | D:3      | 3032 ||| READING 2 scrolls of identify.
  3032 | D:3      | 3032 ||| IDENTIFYING fuming emerald potion
  3059 | D:4      | Identified the +6 leather armour of Hopscotch {+Blink rF+
                  | SInv}
  3081 | D:4      | Found a staircase to the Ecumenical Temple.
  3082 | D:4      | 3082 ||| PLANNING TEMPLE
  3091 | Temple   | Entered the Ecumenical Temple
  3164 | Temple   | 3164 ||| PLANNING OKAWARU WORSHIP
  3247 | Temple   | Became a worshipper of Warmaster Okawaru
  3248 | Temple   | 3248 ||| PLANNING D:1-11
  3339 | D:4      | 3339 ||| Stepping ~*~*~tactically~*~*~ (stealth).
  3347 | D:4      | Reached XP level 7. HP: 43/43 MP: 7/7
  3351 | D:4      | 3351 ||| Stepping ~*~*~tactically~*~*~ (stealth).
  3367 | D:4      | 3367 ||| Stepping ~*~*~tactically~*~*~ (stealth).
  3450 | D:4      | Found a shimmering altar of Xom.
  3479 | D:4      | Found a glowing golden altar of the Shining One.
  3671 | D:4      | 3671 ||| READING 2 scrolls of identify.
  3671 | D:4      | 3671 ||| IDENTIFYING smoky purple potion
  3688 | D:5      | Entered Level 5 of the Dungeon
  3694 | D:5      | Found a broken altar of Ashenzari.
  3876 | D:5      | 3876 ||| Stepping ~*~*~tactically~*~*~ (stealth).
  3887 | D:5      | 3887 ||| Stepping ~*~*~tactically~*~*~ (hiding).
  3897 | D:5      | HP: 8/43 [gnoll/+0 spear[a gnoll bouda] (4)]
  3898 | D:5      | 3898 ||| READING 3 scrolls of teleportation.
  3898 | D:5      | HP: 1/43 [gnoll bouda/+0 whip (3)]
  3899 | D:5      | 3899 ||| DRINKING potion of heal wounds.
  4035 | D:5      | Reached skill level 7 in Axes
  4092 | D:5      | 4092 ||| Stepping ~*~*~tactically~*~*~ (stealth).
  4093 | D:5      | Noticed Pikel
  4117 | D:5      | HP: 8/43 [Pikel/+1 whip of electrocution (7)]
  4118 | D:5      | 4118 ||| READING 2 scrolls of teleportation.
  4316 | D:5      | Found a hazy altar of Hepliaklqana.
  4352 | D:5      | 4352 ||| Stepping ~*~*~tactically~*~*~ (stealth).
  4370 | D:5      | Killed Pikel
  4370 | D:5      | Reached * piety under Okawaru
  4371 | D:5      | Reached XP level 8. HP: 18/53 MP: 8/8
  4387 | D:5      | 4387 ||| Stepping ~*~*~tactically~*~*~ (stealth).
  4399 | D:5      | 4399 ||| Stepping ~*~*~tactically~*~*~ (stealth).
  4516 | D:5      | 4516 ||| Stepping ~*~*~tactically~*~*~ (stealth).
  4641 | D:5      | 4641 ||| INVOKING Heroism.
  4649 | D:5      | Reached skill level 1 in Invocations
  4704 | D:5      | 4704 ||| DROPPING amulet of guardian spirit.
  4705 | D:5      | 4705 ||| UPGRADING to +6 ring of dexterity.
  4706 | D:5      | 4706 ||| DRINKING 2 sapphire potions.
  4707 | D:5      | 4707 ||| READING 2 scrolls of identify.
  4707 | D:5      | 4707 ||| IDENTIFYING sedimented grey potion
  4708 | D:5      | 4708 ||| DROPPING potion of ambrosia.
  4732 | D:6      | 4732 ||| INVOKING Heroism.
  4733 | D:6      | 4733 ||| INVOKING Heroism.
  4837 | D:6      | Found a white marble altar of Elyvilon.
  4862 | D:6      | 4862 ||| INVOKING Heroism.
  4913 | D:6      | Reached skill level 3 in Invocations
  5013 | D:6      | 5013 ||| INVOKING Heroism.
  5038 | D:6      | 5038 ||| INVOKING Heroism.
  5044 | D:6      | Reached skill level 8 in Axes
  5044 | D:6      | Reached XP level 9. HP: 53/57 MP: 8/11
  5067 | D:6      | 5067 ||| DROPPING +0 flail.
  5396 | D:6      | 5396 ||| INVOKING Heroism.
  5641 | D:6      | 5641 ||| UPGRADING to +1 helmet.
  5651 | D:6      | 5651 ||| DROPPING +0 helmet.
  5729 | D:7      | Found a sparkling altar of Nemelex Xobeh.
  5734 | D:7      | 5734 ||| INVOKING Heroism.
  5744 | D:7      | HP: 2/57 [orc priest/divine providence (17)]
  5745 | D:7      | 5745 ||| READING 3 scrolls of teleportation.
  5746 | D:7      | 5746 ||| DRINKING potion of heal wounds.
  5881 | D:7      | 5881 ||| Stepping ~*~*~tactically~*~*~ (hiding).
  5882 | D:7      | 5882 ||| Stepping ~*~*~tactically~*~*~ (hiding).
  5884 | D:7      | 5884 ||| Stepping ~*~*~tactically~*~*~ (hiding).
  5965 | D:7      | Noticed Prince Ribbit
  5977 | D:7      | Killed Prince Ribbit
  6000 | D:7      | Found a burning altar of Makhleb.
  6015 | D:7      | Reached skill level 9 in Axes
  6094 | D:7      | 6094 ||| INVOKING Heroism.
  6158 | D:7      | 6158 ||| INVOKING Heroism.
  6350 | D:7      | 6350 ||| Stepping ~*~*~tactically~*~*~ (stealth).
  6508 | D:7      | 6508 ||| Stepping ~*~*~tactically~*~*~ (stealth).
  6511 | D:7      | 6511 ||| Stepping ~*~*~tactically~*~*~ (stealth).
  6515 | D:7      | 6515 ||| INVOKING Heroism.
  6520 | D:7      | 6520 ||| Stepping ~*~*~tactically~*~*~ (hiding).
  6545 | D:7      | 6545 ||| DROPPING +1 hat.
  6629 | D:7      | 6629 ||| INVOKING Heroism.
  6663 | D:7      | 6663 ||| INVOKING Heroism.
  6705 | D:7      | 6705 ||| Stepping ~*~*~tactically~*~*~ (hiding).
  6706 | D:7      | 6706 ||| Stepping ~*~*~tactically~*~*~ (stealth).
  6770 | D:7      | 6770 ||| Stepping ~*~*~tactically~*~*~ (stealth).
  6773 | D:7      | 6773 ||| Stepping ~*~*~tactically~*~*~ (stealth).
  6936 | D:7      | 6936 ||| UPGRADING to +0 plate armour.
  6946 | D:7      | 6946 ||| DROPPING +3 chain mail.
  6947 | D:7      | 6947 ||| READING 2 scrolls of identify.
  6947 | D:7      | 6947 ||| IDENTIFYING amethyst potion
  7186 | D:8      | 7186 ||| Stepping ~*~*~tactically~*~*~ (hiding).
  7187 | D:8      | 7187 ||| Stepping ~*~*~tactically~*~*~ (hiding).
  7195 | D:8      | Reached XP level 10. HP: 62/63 MP: 13/13
  7209 | D:8      | Found a shadowy altar of Dithmenos.
  7212 | D:8      | 7212 ||| Stepping ~*~*~tactically~*~*~ (stealth).
  7213 | D:8      | 7213 ||| Stepping ~*~*~tactically~*~*~ (stealth).
  7235 | D:8      | 7235 ||| INVOKING Heroism.
  7240 | D:8      | Reached skill level 6 in Armour
  7260 | D:8      | Reached skill level 10 in Axes
  7260 | D:8      | 7260 ||| INVOKING Heroism.
  7502 | D:8      | 7502 ||| INVOKING Heroism.
  7714 | D:8      | 7714 ||| INVOKING Heroism.
  7840 | D:8      | 7840 ||| INVOKING Heroism.
  8132 | D:8      | 8132 ||| UPGRADING to +0 cloak.
  8137 | D:8      | 8137 ||| READING 2 scrolls of identify.
  8137 | D:8      | 8137 ||| IDENTIFYING puce potion
  8138 | D:8      | 8138 ||| DROPPING potion of flight.
  8158 | D:9      | 8158 ||| INVOKING Heroism.
  8209 | D:9      | Identified the +9 long sword of Due Proportion {vamp,
                  | Fragile Will+ Int+5 Dex+2}
  8214 | D:9      | Found a blossoming altar of Fedhas.
  8215 | D:9      | Found an ancient bone altar of Kikubaaqudgha.
  8261 | D:9      | 8261 ||| Stepping ~*~*~tactically~*~*~ (stealth).
  8279 | D:9      | 8279 ||| INVOKING Heroism.
  8301 | D:9      | 8301 ||| Stepping ~*~*~tactically~*~*~ (stealth).
  8364 | D:9      | 8364 ||| Stepping ~*~*~tactically~*~*~ (stealth).
  8366 | D:9      | 8366 ||| Stepping ~*~*~tactically~*~*~ (stealth).
  8382 | D:9      | 8382 ||| INVOKING Heroism.
  8449 | D:9      | 8449 ||| Stepping ~*~*~tactically~*~*~ (stealth).
  8463 | D:9      | 8463 ||| Stepping ~*~*~tactically~*~*~ (stealth).
  8466 | D:9      | 8466 ||| INVOKING Heroism.
  8470 | D:9      | 8470 ||| Stepping ~*~*~tactically~*~*~ (hiding).
  8484 | D:9      | 8484 ||| INVOKING Heroism.
  8492 | D:9      | HP: 16/64 [electric eel/bolt of electricity (2)]
  8493 | D:9      | 8493 ||| READING 5 scrolls of teleportation.
  8496 | D:9      | Found a stormy altar of Qazlal.
  8712 | D:9      | Identified the ring of the Several Ziggurats {Contam rF+
                  | AC+4 Str+3 Slay+3}
  8724 | D:9      | 8724 ||| INVOKING Heroism.
  8727 | D:9      | 8727 ||| UPGRADING to ring of the Several Ziggurats {Contam
                  | rF+ AC+4 Str+3 Slay+3}.
  8727 | D:9      | Noticed a two-headed ogre
  8728 | D:9      | 8728 ||| DRINKING 2 inky potions.
  8729 | D:9      | 8729 ||| READING 2 scrolls of identify.
  8729 | D:9      | 8729 ||| IDENTIFYING fuming yellow potion
  8730 | D:9      | 8730 ||| DROPPING potion of brilliance.
  8741 | D:9      | Killed a two-headed ogre
  8742 | D:9      | Reached skill level 11 in Axes
  8786 | D:9      | 8786 ||| Stepping ~*~*~tactically~*~*~ (stealth).
  8810 | D:9      | 8810 ||| INVOKING Heroism.
  8838 | D:9      | 8838 ||| Stepping ~*~*~tactically~*~*~ (hiding).
  8839 | D:9      | 8839 ||| INVOKING Heroism.
  8845 | D:9      | 8845 ||| Stepping ~*~*~tactically~*~*~ (stealth).
  8888 | D:9      | 8888 ||| Stepping ~*~*~tactically~*~*~ (stealth).
  8889 | D:9      | 8889 ||| Stepping ~*~*~tactically~*~*~ (stealth).
  8950 | D:9      | 8950 ||| Stepping ~*~*~tactically~*~*~ (hiding).
  8960 | D:9      | Reached XP level 11. HP: 62/68 MP: 14/14
  9133 | D:9      | 9133 ||| INVOKING Heroism.
  9187 | D:9      | Found a sacrificial altar of Ru.
  9199 | D:9      | Found a corrupted altar of Lugonu.
  9199 | D:9      | Found a one-way gate to the infinite horrors of the Abyss.
  9254 | D:9      | 9254 ||| INVOKING Heroism.
  9255 | D:9      | 9255 ||| UPGRADING to +0 kite shield.
  9256 | D:9      | 9256 ||| UPGRADING to +0 kite shield.
  9257 | D:9      | 9257 ||| UPGRADING to +0 kite shield.
  9258 | D:9      | 9258 ||| UPGRADING to +0 kite shield.
  9260 | D:9      | 9260 ||| UPGRADING to +0 kite shield.
  9261 | D:9      | 9261 ||| UPGRADING to +0 kite shield.
  9262 | D:9      | 9262 ||| UPGRADING to +0 kite shield.
  9263 | D:9      | 9263 ||| UPGRADING to +0 kite shield.
  9264 | D:9      | 9264 ||| UPGRADING to +0 kite shield.
  9265 | D:9      | 9265 ||| UPGRADING to +0 kite shield.
  9267 | D:9      | 9267 ||| UPGRADING to +0 kite shield.
  9268 | D:9      | 9268 ||| UPGRADING to +0 kite shield.
  9269 | D:9      | 9269 ||| UPGRADING to +0 kite shield.
  9270 | D:9      | 9270 ||| UPGRADING to +0 kite shield.
  9272 | D:9      | 9272 ||| UPGRADING to +0 kite shield.
  9274 | D:9      | 9274 ||| UPGRADING to +0 kite shield.
  9275 | D:9      | 9275 ||| UPGRADING to +0 kite shield.
  9276 | D:9      | 9276 ||| UPGRADING to +0 kite shield.
  9277 | D:9      | 9277 ||| UPGRADING to +0 kite shield.
  9278 | D:9      | 9278 ||| UPGRADING to +0 kite shield.
  9279 | D:9      | 9279 ||| UPGRADING to +0 kite shield.
  9280 | D:9      | 9280 ||| UPGRADING to +0 kite shield.
  9281 | D:9      | 9281 ||| INVOKING Heroism.
  9282 | D:9      | 9282 ||| UPGRADING to +0 kite shield.
  9283 | D:9      | 9283 ||| UPGRADING to +0 kite shield.
  9284 | D:9      | 9284 ||| UPGRADING to +0 kite shield.
  9285 | D:9      | 9285 ||| UPGRADING to +0 kite shield.
  9287 | D:9      | 9287 ||| UPGRADING to +0 kite shield.
  9289 | D:9      | 9289 ||| UPGRADING to +0 kite shield.
  9290 | D:9      | 9290 ||| UPGRADING to +0 kite shield.
  9291 | D:9      | 9291 ||| UPGRADING to +0 kite shield.
  9292 | D:9      | 9292 ||| UPGRADING to +0 kite shield.
  9293 | D:9      | 9293 ||| UPGRADING to +0 kite shield.
  9294 | D:9      | 9294 ||| UPGRADING to +0 kite shield.
  9295 | D:9      | 9295 ||| UPGRADING to +0 kite shield.
  9296 | D:9      | 9296 ||| UPGRADING to +0 kite shield.
  9296 | D:9      | HP: 16/68 [electric eel/bolt of electricity (2)]
  9297 | D:9      | 9297 ||| READING 5 scrolls of teleportation.
  9298 | D:9      | 9298 ||| UPGRADING to +0 kite shield.
  9299 | D:9      | 9299 ||| UPGRADING to +0 kite shield.
  9492 | D:9      | 9492 ||| UPGRADING to +0 kite shield.
  9502 | D:9      | 9502 ||| DROPPING +0 buckler.
  9636 | D:9      | 9636 ||| INVOKING Heroism.
  9639 | D:9      | Found a staircase to the Lair.
  9651 | D:9      | 9651 ||| INVOKING Heroism.
  9803 | D:9      | 9803 ||| PLANNING LAIR
  9823 | Lair:1   | Entered Level 1 of the Lair of Beasts
  9832 | Lair:1   | 9832 ||| STAIRDANCE
  9836 | D:9      | Reached skill level 6 in Shields
  9908 | Lair:1   | 9908 ||| INVOKING Heroism.
  9932 | Lair:1   | 9932 ||| DROPPING +0 hand axe of freezing.
  9942 | Lair:1   | 9942 ||| INVOKING Heroism.
  9997 | Lair:1   | Noticed a four-headed hydra
  9998 | Lair:1   | 9998 ||| INVOKING Heroism.
 10003 | Lair:1   | 10003 ||| SWAPPING to +0 morningstar.
 10008 | Lair:1   | Killed a four-headed hydra
 10009 | Lair:1   | 10009 ||| SWAPPING to +0 war axe.
 10065 | Lair:1   | Found a blossoming altar of Fedhas.
 10066 | Lair:1   | 10066 ||| Stepping ~*~*~tactically~*~*~ (stealth).
 10067 | Lair:1   | 10067 ||| Stepping ~*~*~tactically~*~*~ (hiding).
 10069 | Lair:1   | 10069 ||| Stepping ~*~*~tactically~*~*~ (hiding).
 10072 | Lair:1   | 10072 ||| Stepping ~*~*~tactically~*~*~ (hiding).
 10086 | Lair:1   | 10086 ||| Stepping ~*~*~tactically~*~*~ (stealth).
 10104 | Lair:1   | 10104 ||| Stepping ~*~*~tactically~*~*~ (stealth).
 10163 | Lair:1   | Reached ** piety under Okawaru
 10166 | Lair:1   | 10166 ||| INVOKING Heroism.
 10169 | Lair:1   | Reached skill level 9 in Shields
 10181 | Lair:1   | Reached *** piety under Okawaru
 10376 | Lair:1   | 10376 ||| INVOKING Heroism.
 10528 | Lair:1   | 10528 ||| INVOKING Heroism.
 10552 | Lair:1   | 10552 ||| Stepping ~*~*~tactically~*~*~ (stealth).
 10553 | Lair:1   | 10553 ||| Stepping ~*~*~tactically~*~*~ (stealth).
 10630 | Lair:1   | 10630 ||| INVOKING Heroism.
 10642 | Lair:1   | Reached skill level 9 in Fighting
 10649 | Lair:1   | 10649 ||| INVOKING Heroism.
 10659 | Lair:1   | Reached XP level 12. HP: 75/76 MP: 13/15
 10805 | Lair:1   | Noticed a boulder beetle
 10806 | Lair:1   | 10806 ||| INVOKING Heroism.
 10831 | Lair:1   | 10831 ||| INVOKING Heroism.
 10857 | Lair:1   | Killed a boulder beetle
 10858 | Lair:1   | Reached skill level 3 in Dodging
 11123 | Lair:1   | 11123 ||| DROPPING +1 helmet of intelligence.
 11124 | Lair:1   | 11124 ||| UPGRADING to +2 kite shield.
 11134 | Lair:1   | 11134 ||| DROPPING +0 kite shield.
 11135 | Lair:1   | 11135 ||| UPGRADING to +1 cloak.
 11145 | Lair:1   | 11145 ||| DROPPING +0 cloak.
 11146 | Lair:1   | 11146 ||| UPGRADING to +0 pair of gloves.
 11151 | Lair:1   | 11151 ||| READING scroll labelled AME YTWOSHRYU.
 11171 | Lair:2   | 11171 ||| STAIRDANCE
 11182 | Lair:1   | Reached skill level 9 in Armour
 11249 | Lair:1   | 11249 ||| Stepping ~*~*~tactically~*~*~ (hiding).
 11254 | Lair:1   | 11254 ||| Stepping ~*~*~tactically~*~*~ (hiding).
 11259 | Lair:1   | 11259 ||| Stepping ~*~*~tactically~*~*~ (hiding).
 11260 | Lair:1   | 11260 ||| Stepping ~*~*~tactically~*~*~ (hiding).
 11261 | Lair:1   | 11261 ||| Stepping ~*~*~tactically~*~*~ (hiding).
 11309 | Lair:2   | 11309 ||| INVOKING Heroism.
 11315 | Lair:2   | 11315 ||| Stepping ~*~*~tactically~*~*~ (water).
 11433 | Lair:2   | 11433 ||| INVOKING Heroism.
 11455 | Lair:2   | 11455 ||| Stepping ~*~*~tactically~*~*~ (stealth).
 11457 | Lair:2   | 11457 ||| INVOKING Heroism.
 11495 | Lair:2   | 11495 ||| Stepping ~*~*~tactically~*~*~ (stealth).
 11496 | Lair:2   | 11496 ||| Stepping ~*~*~tactically~*~*~ (stealth).
 11499 | Lair:2   | 11499 ||| Stepping ~*~*~tactically~*~*~ (stealth).
 11501 | Lair:2   | 11501 ||| Stepping ~*~*~tactically~*~*~ (stealth).
 11505 | Lair:2   | 11505 ||| Stepping ~*~*~tactically~*~*~ (stealth).
 11515 | Lair:2   | Reached skill level 12 in Axes
 11990 | Lair:2   | Found a staircase to the Swamp.
 11990 | Lair:2   | Noticed a ghost crab
 11990 | Lair:2   | Noticed a ghost crab
 11991 | Lair:2   | 11991 ||| Stepping ~*~*~tactically~*~*~ (hiding).
 12001 | Lair:2   | Killed a ghost crab
 12007 | Lair:2   | 12007 ||| INVOKING Heroism.
 12012 | Lair:2   | Killed a ghost crab
 12185 | Lair:2   | 12185 ||| READING scroll labelled FECOPU LALEC.
 12286 | Lair:2   | 12286 ||| READING scroll labelled UCANLA HEMETT.
 12586 | Lair:3   | 12586 ||| Stepping ~*~*~tactically~*~*~ (stealth).
 12587 | Lair:3   | 12587 ||| Stepping ~*~*~tactically~*~*~ (stealth).
 12589 | Lair:3   | 12589 ||| INVOKING Heroism.
 12669 | Lair:3   | Identified the ring of Xaij {Int+6 Slay+3}
 12696 | Lair:3   | Found a blossoming altar of Fedhas.
 12698 | Lair:3   | 12698 ||| INVOKING Heroism.
 12748 | Lair:3   | Noticed Rupert
 12749 | Lair:3   | 12749 ||| INVOKING Heroism.
 12773 | Lair:3   | Slain by Rupert

Levels and vault maps discovered:
D:1:      dpeg_arrival_rooms_c, layout_basic
D:2:      layout_loops_ring, basic_altar, kennysheep_generic_room_2
D:3:      layout_rooms, uniq_sigmund, uniq_jessica
D:4:      cheibrodos_greedy_goblins, layout_loops_corners,
          mainiacjoe_overflow_surrounded_room, mainiacjoe_overflow_tiny_flanked,
          gammafunk_temple_overflow_wave, nicolae_overflow_squiral,
          temple_pool_b, minmay_misc_feat_encased, minmay_distorted
D:5:      layout_basic, nicolae_hepliaklqana_monster_ancestors,
          evilmike_ruin_ashenzari, nicolae_kite_square_tiling_tiny,
          minmay_ogre_servants, uniq_pikel
D:6:      layout_cave_pods, mainiacjoe_overflow_alcove_2
D:7:      kennysheep_six_static_rooms, layout_cave_pools,
          nemelex_xobeh_ov_fountains_minmay, mainiacjoe_overflow_paths,
          enter_bailey_5, nicolae_titane, uniq_prince_ribbit1
D:8:      layout_loops_ring, nicolae_dithmenos_through_a_glass_darkly,
          chequers_jeans, grunt_ministairs_13
D:9:      layout_cave_pools, grunt_temple_overflow_growth_and_decay,
          mainiacjoe_overflow_cross_hatched, general_overflow_altar,
          erik_lair_island, serial_gnoll_camp, gnoll_camp_mini_hut,
          gnoll_camp_huts_basic, gnoll_camp_mini_hut, gnoll_camp_mini_sergeant,
          gnoll_camp_mini_hut, amcnicky_altar_lugonu_corruption
Temple:   hellmonk_temple_flake
Lair:1:   hellmonk_ruined_rings, layout_regular_city, grunt_forest_stairs_basic,
          serial_bayou_lagoon_a, lemuel_centaur_altar
Lair:2:   layout_misc_corridors, nicolae_swamp_entry_spooky,
          serial_bayou_pond_b, chequers_serial_rivers_room_b, minmay_holes,
          grunt_megastairs_2, serial_bayou_shore_b
Lair:3:   layout_gridlike, minmay_snake_entry_six_corridors, lemuel_oklob_altar,
          uniq_rupert

Skill      XL: |  1  2  3  4  5  6  7  8  9 10 11 12 |
---------------+-------------------------------------+-----
Axes           | 2 3 4 5 6 7 8 9 11 12 | 12.6
Fighting       | 4 7 8 9 10 | 10.0
Dodging        | 1 2 3 |  3.5
Invocations    | 3 4 |  4.1
Armour         | 5 7 8 9 |  9.0
Shields        | 4 5 10 | 10.9

Action                     |  1- 3 |  4- 6 |  7- 9 | 10-12 || total
---------------------------+-------+-------+-------+-------++-------
  Melee: War axe           |    62 |   111 |   323 |   602 ||  1098
         Unarmed           |       |     6 |       |       ||     6
         Morningstar       |       |       |       |     5 ||     5
  Throw: Boomerang         |    17 |       |       |       ||    17
 Invoke: Heroism           |       |       |    12 |    35 ||    47
    Use: Scroll            |     7 |     6 |     6 |     7 ||    26
         Potion            |       |       |     3 |     1 ||     4
 Armour: Scale mail        |    31 |    31 |       |       ||    62
         Skin              |       |     6 |       |       ||     6
         Chain mail        |       |     5 |   194 |       ||   199
         Plate armour      |       |       |    12 |   481 ||   493
  Dodge: Dodged            |    26 |    44 |   163 |   222 ||   455
  Block: Buckler           |     8 |    14 |    85 |    75 ||   182
         Kite shield       |       |       |       |   261 ||   261

Table legend:
 A = Non-vault XP
 B = Vault XP
 C = Vault XP percentage of total XP
 D = Non-vault monster count
 E = Vault monster count
 F = Vault count percentage of total count
                 A         B        C        D         E       F
            +---------+---------+-------+---------+---------+-------
      Total |   21411 |    8030 |  27.3 |     222 |      86 |  27.9
            +---------+---------+-------+---------+---------+-------
        D:1 |      21 |       0 |   0.0 |      11 |       0 |   0.0
        D:2 |      49 |       3 |   5.8 |      20 |       2 |   9.1
        D:3 |     159 |     260 |  62.1 |      14 |       2 |  12.5
        D:4 |     157 |      24 |  13.3 |      19 |      13 |  40.6
        D:5 |     361 |     810 |  69.2 |       9 |      12 |  57.1
        D:6 |     831 |       0 |   0.0 |      21 |       0 |   0.0
        D:7 |     965 |     801 |  45.4 |      33 |      11 |  25.0
        D:8 |    1639 |     152 |   8.5 |      29 |       2 |   6.5
        D:9 |    2308 |    1380 |  37.4 |      20 |      28 |  58.3
     Lair:1 |    9564 |     457 |   4.6 |      24 |       4 |  14.3
     Lair:2 |    2358 |    3556 |  60.1 |       9 |      11 |  55.0
     Lair:3 |    2999 |     587 |  16.4 |      13 |       1 |   7.1
            +---------+---------+-------+---------+---------+-------
